 Dungeon Crawl Stone Soup version 0.25.0-9-g26727b6 (webtiles) character file.

Game seed: 13638931910862380698

324730 tizzy the Spry (level 21, 0/252 HPs)
             Began as a Gnoll Monk on June 17, 2020.
             Was an Initiate of Gozag.
             Slain by a vault guard
             ... wielding a +1 battleaxe
              (4 damage)
             ... on level 5 of the Vaults.
             The game lasted 03:09:29 (59606 turns).

tizzy the Spry (Gnoll Monk)                        Turns: 59606, Time: 03:09:30

Health: 0/252      AC: 15    Str: 21    XL:     21   Next: 60%
Magic:  0/40       EV: 24    Int: 18    God:    Gozag
Gold:   3714       SH: 15    Dex: 18    Spells: 19/47 levels left

rFire    + + .     SeeInvis +   C - +9 scimitar (flame)
rCold    + . .     Gourm    .   M - +2 buckler "Ymasmui" {+Inv SInv}
rNeg     + . .     Faith    .   G - +4 moon troll leather armour {Spirit, Regen++ MP+5}
rPois    +         Spirit   +   t - -2 hat of the Alchemist {rElec rPois rF+ rC+ rN+ MR+ rMut rCorr}
rElec    +         Reflect  +   w - scarf {repulsion}
rCorr    +         Harm     .   K - +2 pair of gloves {Str+3}
rMut     +                      O - +2 pair of boots {run}
MR       +++..                  g - amulet of reflection
Stlth    ..........             D - ring of protection from magic
HPRegen  1.32/turn              V - ring of protection from fire
MPRegen  0.27/turn

@: berserking, silence, gold aura, repel missiles, very quick
A: distributed training, fangs 1, low mp 1, strong nose
}: 2/15 runes: decaying, gossamer
a: Renounce Religion, Evoke Invisibility


You were on level 5 of the Vaults.
You worshipped Gozag.
Gozag was most pleased with you.
You were not hungry.

You visited 7 branches of the dungeon, and saw 37 of its levels.
You visited the Abyss 1 time.
You also visited: Ossuary, Bailey and Wizlab.

You collected 21492 gold pieces.
You spent 7845 gold pieces at shops.
You paid 9933 gold pieces to Gozag.

Inventory:

Hand Weapons
 C - a +9 scimitar of flaming (weapon)
Missiles
 y - 2 atropa-tipped darts (quivered)
 P - 6 javelins
 W - 5 silver javelins
 X - 23 boomerangs
 Z - 13 curare-tipped darts
Armour
 t - the -2 hat of the Alchemist (worn) {rElec rPois rF+ rC+ rN+ MR+ rMut rCorr}
   (You bought it in a shop on level 1 of the Lair of Beasts)

   It protects you from fire.
   It protects you from cold.
   It insulates you from electricity.
   It protects you from poison.
   It protects you from negative energy.
   It affects your resistance to hostile enchantments.
   It provides partial protection from all sources of acid and corrosion.
   It protects you from mutation.
 w - a scarf of repulsion (worn)
 G - the +4 moon troll leather armour (worn) {Spirit, Regen++ MP+5}
   (You took it off a moon troll in a wizard's laboratory)

   It affects your magic capacity (+5).
   It increases your rate of regeneration.
 I - the +3 buckler "Jaepp" {rPois rC+++}
   (You bought it in a shop on level 7 of the Dungeon)

   It renders you almost immune to cold.
   It protects you from poison.
 K - a +2 pair of gloves of strength (worn)
 M - the +2 buckler "Ymasmui" (worn) {+Inv SInv}
   (You bought it in a shop on level 7 of the Dungeon)

   It lets you see invisible.
   It lets you turn invisible.
 O - a +2 pair of boots of running (worn)
Jewellery
 g - an amulet of reflection (around neck)
 x - the ring "Walut" {rPois rC++ MP+9 SInv}
   (You found it on level 14 of the Dungeon)

   [ring of see invisible]

   It greatly protects you from cold.
   It protects you from poison.
   It affects your magic capacity (+9).
   It lets you see invisible.
 D - a ring of protection from magic (left hand)
 S - an uncursed ring of poison resistance
 V - a ring of protection from fire (right hand)
Wands
 a - a wand of paralysis (18)
 f - a wand of acid (19)
 p - a wand of digging (9)
 A - a wand of disintegration (15)
 N - a wand of iceblast (33)
Scrolls
 b - 3 scrolls of enchant armour
 d - 4 scrolls of identify
 e - 14 scrolls of remove curse
 l - 12 scrolls of amnesia
 n - 3 scrolls of blinking
 v - 3 scrolls of summoning
 E - 4 scrolls of fog
 F - 6 scrolls of magic mapping
 H - 4 scrolls of fear
 Q - 6 scrolls of enchant weapon
 Y - 4 scrolls of teleportation
Potions
 i - 8 potions of stabbing
 j - 6 potions of flight
 k - 2 potions of resistance
 m - 13 potions of curing
 o - 9 potions of mutation
 r - 6 potions of ambrosia
 s - 2 potions of might
 u - 7 potions of brilliance
 T - 2 potions of invisibility
Miscellaneous
 h - a lightning rod (3/4)
 z - a box of beasts
 B - a phial of floods (inert)
 R - a tin of tremorstones (3/3)
Comestibles
 c - 32 rations


   Skills:
 + Level 15.0 Fighting
 + Level 13.9 Short Blades
 + Level 13.9 Long Blades
 + Level 13.9 Axes
 + Level 13.9 Maces & Flails
 + Level 15.0 Polearms
 + Level 13.9 Staves
 + Level 13.9 Slings
 + Level 13.9 Bows
 + Level 13.9 Crossbows
 + Level 13.9 Throwing
 + Level 13.9 Armour
 + Level 15.0 Dodging
 + Level 14.4 Stealth
 + Level 13.9 Shields
 + Level 13.9 Unarmed Combat
 + Level 13.9 Spellcasting
 + Level 11.9 Conjurations
 + Level 11.9 Hexes
 + Level 11.9 Charms
 + Level 11.9 Summonings
 + Level 11.9 Necromancy
 + Level 11.9 Translocations
 + Level 11.9 Transmutations
 + Level 11.9 Fire Magic
 + Level 11.9 Ice Magic
 + Level 11.9 Air Magic
 + Level 11.9 Earth Magic
 + Level 11.9 Poison Magic
 + Level 14.9 Invocations
 + Level 13.9 Evocations


You had 19 spell levels left.
You knew the following spells:

 Your Spells              Type           Power        Failure   Level  Hunger
a - Animate Skeleton      Necr           N/A          1%          1    None
b - Corona                Hex            ######.      1%          1    None
c - Song of Slaying       Chrm           ######..     1%          2    None
d - Portal Projectile     Hex/Tloc       ######       1%          3    None
e - Infusion              Chrm           ####         1%          1    None
f - Passwall              Tmut/Erth      ######..     1%          2    None
g - Shroud of Golubria    Chrm/Tloc      ######       1%          2    None
h - Ozocubu's Armour      Chrm/Ice       ######..     1%          3    None
i - Spectral Weapon       Hex/Chrm       ######..     1%          3    None
j - Silence               Hex/Air        ######....   1%          5    ####...
k - Lee's Rapid Deconstr  Erth           ######....   1%          5    ####...

Your spell library contained the following spells:

 Spells                   Type           Power        Failure   Level  Hunger
 Apportation              Tloc           ######       1%          1    None
 Beastly Appendage        Tmut           ######       1%          1    None
 Sandblast                Erth           ######       1%          1    None
 Summon Butterflies       Summ           ######..     1%          1    None
 Summon Small Mammal      Summ           ####         1%          1    None
 Call Imp                 Summ           ######..     1%          2    None
 Slow                     Hex            ######..     1%          2    None
 Sticks to Snakes         Tmut           ######..     1%          2    None
 Sublimation of Blood     Necr           ######....   1%          2    None
 Call Canine Familiar     Summ           ######..     1%          3    None
 Confusing Touch          Hex            ######..     1%          3    None
 Gell's Gravitas          Tloc           ######....   1%          3    None
 Ignite Poison            Fire/Tmut/Pois ######..     1%          3    None
 Inner Flame              Hex/Fire       ######..     1%          3    None
 Spider Form              Tmut/Pois      ######....   1%          3    None
 Stone Arrow              Conj/Erth      ######       1%          3    None
 Summon Guardian Golem    Hex/Summ       ######..     1%          3    None
 Cause Fear               Hex            ######....   1%          4    None
 Hailstorm                Conj/Ice       ######..     1%          4    None
 Ice Form                 Ice/Tmut       ######..     1%          4    None
 Leda's Liquefaction      Hex/Erth       ######....   1%          4    None
 Petrify                  Tmut/Erth      ######..     1%          4    None
 Summon Ice Beast         Ice/Summ       ######..     1%          4    None
 Summon Lightning Spire   Summ/Air       ######..     1%          4    None
 Alistair's Intoxication  Tmut/Pois      ######..     1%          5    ####...
 Blade Hands              Tmut           ######....   1%          5    ####...
 Irradiate                Conj/Tmut      ######....   1%          5    ####...
 Metabolic Englaciation   Hex/Ice        ######....   1%          5    ####...
 Summon Mana Viper        Hex/Summ       ######..     1%          5    ####...
 Yara's Violent Unravell  Hex/Tmut       ######....   1%          5    ####...
 Conjure Ball Lightning   Conj/Air       ######....   7%          6    #####..
 Eringya's Noxious Bog    Tmut/Pois      ######....   7%          6    #####..
 Orb of Destruction       Conj           ######....   36%         7    #######
 Summon Hydra             Summ           ######....   36%         7    #######
 Discord                  Hex            ######....   96%         8    #######
 Lehudib's Crystal Spear  Conj/Erth      ######....   96%         8    #######
 Tornado                  Air            ######....   100%        9    #######


Dungeon Overview and Level Annotations

Branches:
Dungeon (15/15)            Temple (1/1) D:4            Lair (6/6) D:9
  Swamp (4/4) Lair:4       Spider (4/4) Lair:3        Slime (0/5) Lair:6
    Orc (2/2) D:12            Elf (0/3) Orc:2        Vaults (5/5) D:14
  Crypt (0/3) Vaults:2     Depths (0/5) D:15        Ossuary (visited)
 Bailey (visited)          WizLab (visited)

Altars:
Ashenzari
Cheibriados
Dithmenos
Elyvilon
Fedhas
Gozag
Hepliaklqana
Kikubaaqudgha
Makhleb
Nemelex Xobeh
Okawaru
Qazlal
Ru
Sif Muna
Trog
Uskayaw
Vehumet
Wu Jian
Xom
Yredelemnul
Zin
The Shining One
Beogh
Jiyva

Shops:
D:4 :   D:7 ?[   D:10 =   Orc:2 ?(}   Lair:1 [(([([(

Portals:
Abyss: Orc:1
Pandemonium: Orc:2

Annotations:
D:11 3 runed translucent doors, Harvester's ghost, journeyman MiFi
D:12 1 runed translucent door, Ousak's ghost, journeyman DrIE
Lair:4 exclusion: 3 oklob plants
Lair:5 exclusion: oklob plant
Lair:6 1 runed translucent door, exclusion: oklob plant
Orc:1 oshikia's ghost, journeyman DsGl


Innate Abilities, Weirdness & Mutations

Your experience applies equally to all skills.
You have very sharp teeth.
Your uncanny sense of smell can sniff out nearby items.
Your magical capacity is low. (-10% MP)


Message History

The vault guard seems to be listening.
The vault guard hits you with a +0 war axe!
* * * LOW HITPOINT WARNING * * *
The vault guard barely misses you.
You riposte.
You slice the vault guard!! You burn the vault guard!
The vault guard is heavily wounded.
The vault guard closely misses you. You block the vault guard's attack.
A shadow dragon comes into view.
The vault guard completely misses you.
You slice the vault guard!! You burn the vault guard!
You kill the vault guard!
Your lightning rod (3/4) has regained one charge.
A vault warden comes into view. It is wielding a +1 vorpal long sword.
Unknown command.
You hit the vault guard. You burn the vault guard. You bite the vault guard!
The vault guard is lightly wounded.
You block the vault guard's attack.
The vault guard hits you with a +1 battleaxe.
You die...
Your body crumbles into a pile of gold.

#....#...p $
#....#... ##
#....#..###
#..#....#....
...≈≈≈.$....
##.≈≈pppp.#####
...pDpppWH.....
...pppp@p......
...≈pppppp.....
......pppp.....
##........#####
...........
...#....#...
...#....#....
.. #....#....D


You could see 2 shadow dragons, a sphinx, 2 vault wardens, 22 vault guards and a
phantasmal warrior.

Vanquished Creatures
  Xtahua (Vaults:1)
  Nikola (Vaults:1)
  Arachne (Spider:2)
  A moon troll (WizLab)
  A tentacled monstrosity (Vaults:3)
  2 liches
  Rupert (D:13)
  A quicksilver dragon (WizLab)
  Asterion (Vaults:1)
  6 tentacled starspawn (WizLab)
  2 thorn hunters
  2 tengu reavers (Vaults:3)
  2 fire giants (Vaults:4)
  5 vault wardens
  2 cacodemons (WizLab)
  2 frost giants (Vaults:3)
  7 emperor scorpions
  4 ghost moths (Spider:4)
  5 ironheart preservers
  A ghoul (Vaults:2)
  A war gargoyle (WizLab)
  12 very ugly things
  9 stone giants
  An entropy weaver (Vaults:1)
  3 spark wasps
  A crystal guardian (WizLab)
  2 fire dragons
  5 ogre magi
  9 yaktaur captains
  The ghost of Xamagon the Blocker, a journeyman MiBe of Trog (Lair:3)
  3 ettins
  2 great orbs of eyes (WizLab)
  31 hydras
  2 shambling mangroves
  2 ice dragons
  7 vault guards
  7 centaur warriors
  3 ghost crabs
  2 catoblepae
  A rakshasa (Vaults:2)
  13 alligators
  2 death knights
  22 two-headed ogres
  2 vampire magi (Vaults:2)
  3 tengu warriors
  2 deep troll earth magi
  5 orc high priests
  2 spriggan berserkers (Swamp:4)
  Sonja (D:12)
  A sun demon (Orc:1)
  2 deep elf knights
  A wretched star (WizLab)
  3 shadow wraiths (Vaults:4)
  A sixfirhy (Abyss:3)
  A skeletal warrior (Vaults:2)
  A spriggan druid (Swamp:3)
  6 deep trolls
  An orange crystal statue (WizLab)
  A flayed ghost (Vaults:4)
  A torturous demonspawn (Orc:2)
  A deep troll (shapeshifter) (Vaults:2)
  3 deep elf archers
  8 glowing orange brains (WizLab)
  4 swamp dragons
  Pikel (D:5)
  An unseen horror (D:10)
  An unseen horror (shapeshifter) (Vaults:3)
  An infernal demonspawn (Orc:2)
  3 phantasmal warriors
  8 ironbrand convokers
  10 harpies
  18 orb spiders
  An orb spider (shapeshifter) (Vaults:2)
  3 necromancers
  29 wolf spiders
  4 deep elf magi
  10 orc sorcerers
  41 ugly things
  6 cyclopes
  21 orc knights
  3 manticores
  2 orange demons (Orc:2)
  A guardian serpent (Lair:6)
  A rust devil (Orc:2)
  5 black mambas
  A frost giant skeleton (Vaults:2)
  6 eyes of devastation (WizLab)
  11 vault sentinels
  21 spiny frogs
  3 gargoyles
  3 torpor snails
  A rime drake (Lair:1)
  31 yaktaurs
  3 kobold demonologists
  4 freezing wraiths
  10 demonic crawlers
  6 komodo dragons
  2 hellwings (Orc:2)
  A tengu conjurer (D:13)
  A human skeleton (Vaults:2)
  7 trolls
  An efreet (Abyss:3)
  A queen bee (shapeshifter) (Vaults:2)
  12 tyrant leeches
  30 jumping spiders
  6 polar bears
  Prince Ribbit (Lair:3)
  22 hornets
  A tengu simulacrum (Vaults:2)
  A shadow dragon simulacrum (Vaults:3)
  3 raiju
  26 slime creatures
  7 bog bodies
  8 hippogriffs
  10 blink frogs
  A hippogriff (shapeshifter) (D:12)
  5 dream sheep (Lair:3)
  88 redbacks
  5 shadows
  Sigmund (D:4)
  30 tarantellas
  A vampire (D:9)
  3 spriggans
  A water elemental (D:15)
  A wraith (Vaults:2)
  An ettin skeleton (Vaults:2)
  35 yaks
  2 hungry ghosts
  13 wyverns
  2 small abominations (Abyss:3)
  3 golden eyes
  2 neqoxecs (WizLab)
  A steam dragon (D:12)
  3 basilisks
  12 swamp worms
  11 vampire mosquitoes
  4 wargs
  3 death yak simulacra (Lair:3)
  12 insubstantial wisps
  2 acid dragons
  8 porcupines
  18 water moccasins
  A hornet zombie (D:10)
  73 orc warriors
  17 swamp drakes
  2 sky beasts
  11 ice beasts
  A slave (D:5)
  A black bear (shapeshifter) (D:15)
  3 black bears
  2 black mamba simulacra (Lair:3)
  20 ogres
  An eye of draining (D:15)
  44 wolves
  10 boggarts
  15 centaurs
  10 crocodiles
  3 big kobolds
  An elf zombie (Ossuary)
  20 bullfrogs
  A gnoll sergeant (D:9)
  2 wyvern zombies
  7 scorpions
  An elf simulacrum (Vaults:2)
  6 killer bees (D:12)
  10 wights
  2 electric eels (Lair:2)
  6 howler monkeys
  3 crimson imps
  2 komodo dragon simulacra (Lair:3)
  A bullfrog zombie (D:9)
  4 centaur zombies
  A human zombie (Ossuary)
  9 starcursed masses (WizLab)
  8 hounds
  4 jellies
  4 centaur skeletons
  35 orc priests
  An iron imp (Abyss:3)
  A bullfrog skeleton (D:10)
  5 iguanas
  22 orc wizards
  Natasha (D:2)
  11 hell rats (Lair:1)
  18 worker ants
  3 big kobold zombies (Ossuary)
  A killer bee zombie (D:6)
  3 hound zombies
  2 hound skeletons
  2 mummies (Ossuary)
  A worker ant zombie (D:5)
  10 gnolls
  A howler monkey skeleton (D:4)
  11 river rats (Lair:1)
  12 adders
  2 shadow imps
  A white imp (D:15)
  An ooze (D:2)
  An adder skeleton (D:5)
  2 adder zombies
  3 worms
  5 leopard geckos
  130 orcs
  11 bats
  5 giant cockroaches
  5 goblins
  11 hobgoblins
  12 jackals
  16 kobolds
  8 quokkas
  2 ball pythons
  A frilled lizard (D:2)
  4 goblin zombies (Ossuary)
  11 hobgoblin zombies (Ossuary)
  10 kobold zombies (Ossuary)
  5 orc zombies (Ossuary)
  26 rats
  A rat zombie (Ossuary)
  2 briar patches (Swamp:4)
  6 starspawn tentacles (WizLab)
1644 creatures vanquished.

Vanquished Creatures (collateral kills)
  Josephine (Lair:4)
  Urug (Lair:5)
  2 blink frogs (Lair:5)
  2 yaks (Lair:5)
  3 wraiths (Lair:4)
  A porcupine (Lair:5)
  An orc (D:8)
11 creatures vanquished.

Vanquished Creatures (others)
  3 two-headed ogres (Vaults:1)
  A hornet (Swamp:4)
  A jumping spider (Spider:2)
  A small abomination (Abyss:3)
  An iguana (D:13)
  3 demonic plants (WizLab)
  6 fungi
  10 plants
  15 starspawn tentacles (WizLab)
41 creatures vanquished.

Grand Total: 1696 creatures vanquished

Notes
Turn   | Place    | Note
-------+----------+-------------------------------------------
     0 | D:1      | tizzy the Gnoll Monk began the quest for the Orb.
     0 | D:1      | Reached XP level 1. HP: 23/23 MP: 1/1
   131 | D:1      | Reached XP level 2. HP: 29/29 MP: 2/2
   855 | D:2      | Reached XP level 3. HP: 35/35 MP: 3/3
  1152 | D:2      | Reached skill level 1 in Invocations
  1213 | D:2      | Reached skill level 1 in Short Blades
  1213 | D:2      | Reached skill level 1 in Long Blades
  1213 | D:2      | Reached skill level 1 in Axes
  1213 | D:2      | Reached skill level 1 in Maces & Flails
  1213 | D:2      | Reached skill level 1 in Staves
  1213 | D:2      | Reached skill level 1 in Slings
  1213 | D:2      | Reached skill level 1 in Bows
  1213 | D:2      | Reached skill level 1 in Crossbows
  1213 | D:2      | Reached skill level 1 in Throwing
  1213 | D:2      | Reached skill level 1 in Armour
  1213 | D:2      | Reached skill level 1 in Shields
  1213 | D:2      | Reached skill level 1 in Unarmed Combat
  1213 | D:2      | Reached skill level 1 in Spellcasting
  1213 | D:2      | Reached skill level 1 in Evocations
  1316 | D:2      | Found a sparkling altar of Nemelex Xobeh.
  1358 | D:2      | Reached XP level 4. HP: 41/41 MP: 5/5
  1507 | D:2      | Noticed Natasha
  1523 | D:2      | Killed Natasha
  1681 | D:2      | Reached skill level 1 in Conjurations
  1681 | D:2      | Reached skill level 1 in Hexes
  1681 | D:2      | Reached skill level 1 in Charms
  1681 | D:2      | Reached skill level 1 in Summonings
  1681 | D:2      | Reached skill level 1 in Necromancy
  1681 | D:2      | Reached skill level 1 in Translocations
  1681 | D:2      | Reached skill level 1 in Transmutations
  1681 | D:2      | Reached skill level 1 in Fire Magic
  1681 | D:2      | Reached skill level 1 in Ice Magic
  1681 | D:2      | Reached skill level 1 in Air Magic
  1681 | D:2      | Reached skill level 1 in Earth Magic
  1681 | D:2      | Reached skill level 1 in Poison Magic
  1887 | D:3      | Found a shimmering altar of Xom.
  1887 | D:3      | Noticed an angel
  1915 | D:3      | Found a glowing silver altar of Zin.
  2165 | D:3      | Reached XP level 5. HP: 26/47 MP: 6/6
  3043 | D:3      | Found a sacrificial altar of Ru.
  3190 | D:3      | Reached XP level 6. HP: 41/53 MP: 8/8
  3316 | D:4      | Found Laez's Book Shoppe.
  3316 | D:4      | Noticed Sigmund
  3323 | D:4      | Killed Sigmund
  3367 | D:4      | Reached XP level 7. HP: 39/59 MP: 10/10
  4256 | D:4      | Found a bloodstained altar of Trog.
  4400 | D:4      | Found a staircase to the Ecumenical Temple.
  4502 | Temple   | Entered the Ecumenical Temple
  4570 | Temple   | Became a worshipper of Gozag Ym Sagoz the Greedy
  4598 | D:5      | Entered Level 5 of the Dungeon
  4675 | D:5      | Found an iron altar of Okawaru.
  4677 | D:5      | Found a sand-covered staircase.
  4685 | Ossuary  | Entered an ossuary
  4887 | Ossuary  | Reached skill level 5 in Stealth
  5414 | D:5      | Noticed Pikel
  5515 | D:4      | Reached XP level 8. HP: 44/67 MP: 12/12
  5847 | D:5      | Learned a level 1 spell: Animate Skeleton
  6470 | D:5      | Killed Pikel
  6470 | D:5      | Reached XP level 9. HP: 55/72 MP: 12/14
  7565 | D:6      | Found an ancient bone altar of Kikubaaqudgha.
  7900 | D:7      | Found Roel's Magic Scroll Emporium.
  7904 | D:7      | Bought a scroll of acquirement for 780 gold pieces
  7904 | D:7      | Bought a scroll of amnesia for 52 gold pieces
  7908 | D:7      | Bought a scroll of acquirement for 780 gold pieces
  7908 | D:7      | Bought a scroll of enchant weapon for 112 gold pieces
  7908 | D:7      | Bought a scroll of enchant armour for 112 gold pieces
  7912 | D:7      | Bought a scroll of teleportation for 45 gold pieces
  7912 | D:7      | Bought a scroll of blinking for 112 gold pieces
  7912 | D:7      | Bought a scroll of identify for 30 gold pieces
  7912 | D:7      | Bought a scroll of identify for 30 gold pieces
  7912 | D:7      | Bought a scroll of identify for 30 gold pieces
  7912 | D:7      | Bought a scroll of magic mapping for 52 gold pieces
  7912 | D:7      | Bought a scroll of blinking for 112 gold pieces
  7912 | D:7      | Bought a scroll of fear for 52 gold pieces
  7990 | D:7      | Found a shadowy altar of Dithmenos.
  8226 | D:7      | Found a shimmering blue altar of Sif Muna.
  8754 | D:8      | Noticed a two-headed ogre
  8991 | D:7      | Bought a pair of runed boots for 240 gold pieces
  8991 | D:7      | Bought a steaming chain mail for 304 gold pieces
  8991 | D:7      | Bought a bloodstained buckler for 304 gold pieces
  9006 | D:7      | Identified the +2 buckler "Ymasmui" {+Inv SInv} (You bought
                  | it in a shop on level 7 of the Dungeon)
  9016 | D:7      | Identified the +5 chain mail of Panentheism {rElec rPois
                  | rF- Regen+} (You bought it in a shop on level 7 of the
                  | Dungeon)
  9016 | D:7      | Bought a translucent scale mail for 288 gold pieces
  9027 | D:7      | Identified the +6 scale mail of the Several Tables {rF- rC+
                  | rN+ Dex+3} (You bought it in a shop on level 7 of the
                  | Dungeon)
  9355 | D:8      | Reached skill level 5 in Invocations
  9499 | D:8      | Killed a two-headed ogre
  9499 | D:8      | Reached XP level 10. HP: 74/80 MP: 15/17
  9771 | D:9      | Got an aquamarine-studded ring mail
  9810 | D:9      | Found a staircase to the Lair.
  9883 | D:9      | Identified the cursed +1 ring mail of the Equinox {+Inv rC-
                  | Stlth+} (You found it on level 9 of the Dungeon)
  9924 | D:9      | Reached skill level 5 in Short Blades
  9924 | D:9      | Reached skill level 5 in Long Blades
  9924 | D:9      | Reached skill level 5 in Axes
  9924 | D:9      | Reached skill level 5 in Maces & Flails
  9924 | D:9      | Reached skill level 5 in Staves
  9924 | D:9      | Reached skill level 5 in Slings
  9924 | D:9      | Reached skill level 5 in Bows
  9924 | D:9      | Reached skill level 5 in Crossbows
  9924 | D:9      | Reached skill level 5 in Throwing
  9924 | D:9      | Reached skill level 5 in Armour
  9924 | D:9      | Reached skill level 5 in Shields
  9924 | D:9      | Reached skill level 5 in Unarmed Combat
  9924 | D:9      | Reached skill level 5 in Spellcasting
  9924 | D:9      | Reached skill level 5 in Evocations
 10111 | D:9      | Found a white marble altar of Elyvilon.
 10575 | D:10     | Entered Level 10 of the Dungeon
 10595 | D:10     | Noticed an unseen horror
 10605 | D:10     | Killed an unseen horror
 10713 | D:10     | Noticed a gargoyle
 11008 | D:10     | Killed a gargoyle
 11044 | D:10     | Reached XP level 11. HP: 84/87 MP: 19/19
 11285 | D:10     | Found Geeph's Jewellery Boutique.
 11322 | D:10     | Bought a cursed ring of teleportation for 76 gold pieces
 11624 | D:7      | Bought a slimy buckler for 304 gold pieces
 11624 | D:7      | Bought a faintly glowing buckler for 304 gold pieces
 11635 | D:7      | Identified the +3 buckler "Jaepp" {rPois rC+++} (You bought
                  | it in a shop on level 7 of the Dungeon)
 11645 | D:7      | Identified the +1 buckler of Catatonia {MR- Str+8 Int+3}
                  | (You bought it in a shop on level 7 of the Dungeon)
 11728 | D:11     | Noticed a cyclops
 11739 | D:11     | Killed a cyclops
 11755 | D:11     | Found a flagged portal.
 11762 | Bailey   | Entered a bailey
 11780 | Bailey   | Noticed an orc knight
 11834 | Bailey   | Reached skill level 5 in Conjurations
 11834 | Bailey   | Reached skill level 5 in Hexes
 11834 | Bailey   | Reached skill level 5 in Charms
 11834 | Bailey   | Reached skill level 5 in Summonings
 11834 | Bailey   | Reached skill level 5 in Necromancy
 11834 | Bailey   | Reached skill level 5 in Translocations
 11834 | Bailey   | Reached skill level 5 in Transmutations
 11834 | Bailey   | Reached skill level 5 in Fire Magic
 11834 | Bailey   | Reached skill level 5 in Ice Magic
 11834 | Bailey   | Reached skill level 5 in Air Magic
 11834 | Bailey   | Reached skill level 5 in Earth Magic
 11834 | Bailey   | Reached skill level 5 in Poison Magic
 11875 | Bailey   | Killed an orc knight
 13095 | D:11     | Found a runed translucent gate.
 13095 | D:11     | Found a runed translucent gate.
 13095 | D:11     | Found a runed translucent gate.
 13096 | D:11     | Noticed Harvester's ghost (journeyman MiFi)
 13548 | D:12     | Got a transparent short sword
 13549 | D:12     | Identified the +3 short sword of Dorchudiw {freeze, +Blink
                  | Str+3} (You found it on level 12 of the Dungeon)
 13574 | D:12     | Noticed a manticore
 13671 | D:12     | Found a runed translucent door.
 13672 | D:12     | Noticed Ousak's ghost (journeyman DrIE)
 13677 | D:12     | Noticed a cyclops
 13697 | D:12     | Killed a cyclops
 14330 | D:12     | Noticed an eight-headed hydra
 14331 | D:12     | Found a staircase to the Orcish Mines.
 14346 | D:12     | Killed a one-headed hydra
 14346 | D:12     | Reached XP level 12. HP: 55/96 MP: 20/22
 14412 | Orc:1    | Entered Level 1 of the Orcish Mines
 14414 | Orc:1    | Noticed an ogre mage
 14414 | Orc:1    | Noticed a two-headed ogre
 14843 | D:13     | Noticed an eight-headed hydra
 14869 | D:12     | Killed a one-headed hydra
 14995 | D:13     | Noticed a tengu warrior
 14995 | D:13     | Noticed a tengu warrior
 15053 | D:13     | Noticed Sonja
 15147 | Lair:1   | Entered Level 1 of the Lair of Beasts
 15420 | Lair:1   | Learned a level 1 spell: Corona
 17880 | D:12     | Killed a tengu warrior
 17880 | D:12     | Reached skill level 10 in Fighting
 17880 | D:12     | Reached skill level 10 in Polearms
 17880 | D:12     | Reached skill level 10 in Dodging
 18150 | D:13     | Noticed an eight-headed hydra
 18171 | D:12     | Killed a two-headed hydra
 18281 | D:12     | Killed a tengu warrior
 18281 | D:12     | Reached XP level 13. HP: 97/103 MP: 24/24
 18563 | D:13     | Noticed Rupert
 18570 | D:13     | Paralysed by Rupert for 7 turns
 18762 | D:14     | Noticed a vault guard
 18784 | D:13     | Paralysed by Rupert for 3 turns
 19351 | Lair:3   | Noticed Prince Ribbit
 19366 | Lair:3   | Killed Prince Ribbit
 19447 | Lair:3   | You fall into a shaft and drop 2 floors!
 20602 | Lair:3   | Found a hole to the Spider Nest.
 20770 | Lair:3   | Found a runed translucent gate.
 20770 | Lair:3   | Found a runed translucent gate.
 20770 | Lair:3   | Found a runed translucent gate.
 20771 | Lair:3   | Noticed Xamagon's ghost (journeyman MiBe)
 21090 | Lair:4   | Found a staircase to the Swamp.
 22077 | Lair:4   | Noticed Josephine
 22113 | Lair:4   | Killed Josephine
 22350 | Lair:5   | Noticed Urug
 22380 | Lair:5   | Killed Urug
 22714 | Lair:5   | Reached XP level 14. HP: 93/111 MP: 26/26
 23314 | Lair:6   | Entered Level 6 of the Lair of Beasts
 24067 | Orc:1    | Found a roughly hewn altar of Beogh.
 24242 | Lair:1   | Bought a glowing scimitar for 196 gold pieces
 24407 | Orc:1    | Found a transporter.
 24421 | Orc:1    | Found a roughly hewn altar of Beogh.
 24477 | Orc:1    | Found a transporter.
 24652 | Orc:1    | Identified the +12 great sword of Context {distort, rElec}
 24652 | Orc:1    | Noticed an orc warlord
 25026 | Orc:1    | Noticed oshikia's ghost (journeyman DsGl)
 25030 | Orc:1    | Found a one-way gate to the infinite horrors of the Abyss.
 25107 | Orc:2    | Entered Level 2 of the Orcish Mines
 25535 | Orc:2    | Found a staircase to the Elven Halls.
 26632 | Orc:1    | Cast into level 3 of the Abyss (orc warlord)
 26642 | Abyss:3  | Found a corrupted altar of Lugonu.
 26652 | Abyss:3  | Noticed a lich
 26658 | Abyss:3  | Reached skill level 10 in Stealth
 26681 | Abyss:3  | Noticed an Ice Fiend
 26683 | Abyss:3  | Killed a lich
 26687 | Abyss:3  | Found a corrupted altar of Lugonu.
 26867 | Abyss:3  | Noticed a deep elf elementalist
 26878 | Abyss:3  | Got a bloodstained leather armour
 27080 | Abyss:3  | Found a corrupted altar of Lugonu.
 27098 | Abyss:3  | Reached skill level 10 in Invocations
 27181 | Orc:1    | Escaped the Abyss
 27578 | Orc:2    | Found Vatroah's Food Emporium.
 27714 | Orc:2    | Found Boar's Magic Scroll Shoppe.
 28163 | Orc:2    | Bought a scroll of fear for 56 gold pieces
 28163 | Orc:2    | Bought a scroll of identify for 32 gold pieces
 28175 | Orc:2    | Bought a ration for 50 gold pieces
 28175 | Orc:2    | Bought a ration for 50 gold pieces
 28175 | Orc:2    | Bought a ration for 50 gold pieces
 28175 | Orc:2    | Bought a ration for 50 gold pieces
 28175 | Orc:2    | Bought a ration for 50 gold pieces
 28175 | Orc:2    | Bought a ration for 50 gold pieces
 28175 | Orc:2    | Bought a ration for 50 gold pieces
 28175 | Orc:2    | Bought a ration for 50 gold pieces
 28175 | Orc:2    | Bought a ration for 50 gold pieces
 28175 | Orc:2    | Bought a ration for 50 gold pieces
 28175 | Orc:2    | Bought a ration for 50 gold pieces
 28798 | Orc:2    | Paralysed by an orc sorcerer for 4 turns
 29071 | Orc:2    | Reached XP level 15. HP: 79/119 MP: 17/28
 29201 | Orc:2    | Found Assaegh's Antique Weapon Boutique.
 29201 | Orc:2    | Found a one-way gate leading to the halls of Pandemonium.
 29201 | Orc:2    | Found Icuotwun's Gadget Shop.
 29212 | Orc:2    | Bought a scorched war axe for 161 gold pieces
 29398 | Orc:1    | Identified the +2 war axe "Suuv Kut" {drain, rPois rC+
                  | Str+4 Dex-2} (You bought it in a shop on level 2 of the
                  | Orcish Mines)
 29410 | Orc:1    | Identified the cursed +1 leather armour of the Swan {Dex+4
                  | SInv Stlth+} (You found it on level 3 of the Abyss)
 30473 | Lair:6   | Found a runed translucent door.
 30473 | Lair:6   | Found a viscous altar of Jiyva.
 30474 | Lair:6   | Found a staircase to the Slime Pits.
 30474 | Lair:6   | Noticed an azure jelly
 30474 | Lair:6   | Noticed an azure jelly
 30474 | Lair:6   | Noticed an azure jelly
 31105 | Lair:6   | Got a dazzling scale mail
 31106 | Lair:6   | Identified the +1 scale mail of Eluyqen {rPois Int-2 Dex+3
                  | SInv} (You found it on level 6 of the Lair of Beasts)
 31598 | Lair:1   | Bought a glimmering trident for 229 gold pieces
 31598 | Lair:1   | Bought a crude broad axe for 243 gold pieces
 31598 | Lair:1   | Identified the +3 trident of Chance {holy, MR+ Str+2 Int-2
                  | Stlth+} (You bought it in a shop on level 1 of the Lair of
                  | Beasts)
 31602 | Lair:1   | Identified the +2 broad axe "Jierphi" {vamp, rPois rF+}
                  | (You bought it in a shop on level 1 of the Lair of Beasts)
 31603 | Lair:1   | Bought a polished war axe for 229 gold pieces
 31603 | Lair:1   | Identified the +6 war axe of Sloth {antimagic, rElec MR+
                  | MP+9} (You bought it in a shop on level 1 of the Lair of
                  | Beasts)
 31779 | D:12     | Killed Sonja
 31779 | D:12     | Reached skill level 10 in Short Blades
 31779 | D:12     | Reached skill level 10 in Long Blades
 31779 | D:12     | Reached skill level 10 in Axes
 31779 | D:12     | Reached skill level 10 in Maces & Flails
 31779 | D:12     | Reached skill level 10 in Staves
 31779 | D:12     | Reached skill level 10 in Slings
 31779 | D:12     | Reached skill level 10 in Bows
 31779 | D:12     | Reached skill level 10 in Crossbows
 31779 | D:12     | Reached skill level 10 in Throwing
 31779 | D:12     | Reached skill level 10 in Armour
 31779 | D:12     | Reached skill level 10 in Shields
 31779 | D:12     | Reached skill level 10 in Unarmed Combat
 31779 | D:12     | Reached skill level 10 in Spellcasting
 31779 | D:12     | Reached skill level 10 in Evocations
 31809 | D:13     | Killed Rupert
 32542 | D:14     | Got a flickering copper ring
 32543 | D:14     | Identified the ring "Walut" {rPois rC++ MP+9 SInv} (You
                  | found it on level 14 of the Dungeon)
 33693 | D:14     | Reached XP level 16. HP: 124/127 MP: 28/30
 33857 | D:14     | Found a gate to the Vaults.
 34093 | D:15     | Entered Level 15 of the Dungeon
 34417 | D:15     | Identified a +0 pair of boots of running (You acquired it
                  | on level 15 of the Dungeon)
 36027 | D:15     | Found a staircase to the Depths.
 36211 | Lair:1   | Bought a scorched chain mail for 370 gold pieces
 36211 | Lair:1   | Bought a pair of embroidered gloves for 292 gold pieces
 36223 | Lair:1   | Identified the +4 chain mail of Ycwomux {Harm *Drain rF-
                  | Str+5} (You bought it in a shop on level 1 of the Lair of
                  | Beasts)
 36353 | Swamp:1  | Entered Level 1 of the Swamp
 37914 | Swamp:2  | You fall into a shaft and drop 1 floor!
 38006 | Swamp:4  | Entered Level 4 of the Swamp
 38110 | Swamp:4  | Reached XP level 17. HP: 130/135 MP: 32/32
 38515 | Swamp:4  | Got a decaying rune of Zot
 39007 | Swamp:4  | Paralysed by a hornet for 2 turns
 40326 | Swamp:3  | Noticed a tentacled monstrosity
 41627 | Spider:1 | Entered Level 1 of the Spider Nest
 41720 | Lair:3   | Killed Xamagon's ghost
 42448 | Spider:1 | Reached skill level 10 in Conjurations
 42448 | Spider:1 | Reached skill level 10 in Hexes
 42448 | Spider:1 | Reached skill level 10 in Charms
 42448 | Spider:1 | Reached skill level 10 in Summonings
 42448 | Spider:1 | Reached skill level 10 in Necromancy
 42448 | Spider:1 | Reached skill level 10 in Translocations
 42448 | Spider:1 | Reached skill level 10 in Transmutations
 42448 | Spider:1 | Reached skill level 10 in Fire Magic
 42448 | Spider:1 | Reached skill level 10 in Ice Magic
 42448 | Spider:1 | Reached skill level 10 in Air Magic
 42448 | Spider:1 | Reached skill level 10 in Earth Magic
 42448 | Spider:1 | Reached skill level 10 in Poison Magic
 43336 | Spider:2 | Reached XP level 18. HP: 135/143 MP: 30/33
 44695 | Spider:3 | Noticed Arachne
 44895 | Spider:2 | Killed Arachne
 45035 | Spider:3 | Learned a level 2 spell: Song of Slaying
 45041 | Spider:3 | Learned a level 3 spell: Portal Projectile
 45044 | Spider:3 | Learned a level 1 spell: Infusion
 45047 | Spider:3 | Learned a level 2 spell: Passwall
 45050 | Spider:3 | Learned a level 2 spell: Shroud of Golubria
 45054 | Spider:3 | Learned a level 3 spell: Ozocubu's Armour
 45058 | Spider:3 | Learned a level 3 spell: Spectral Weapon
 45064 | Spider:3 | Learned a level 5 spell: Silence
 45877 | Spider:4 | Entered Level 4 of the Spider Nest
 48617 | Spider:4 | Got a gossamer rune of Zot
 49124 | Vaults:1 | Entered Level 1 of the Vaults
 49196 | Vaults:1 | Noticed Asterion
 49202 | Vaults:1 | Killed Asterion
 49202 | Vaults:1 | Reached XP level 19. HP: 151/151 MP: 35/35
 49409 | Vaults:1 | Noticed Nikola
 49440 | Vaults:1 | Killed Nikola
 49474 | Vaults:1 | Found a magical portal.
 49482 | WizLab   | Entered Lehudib's Moon Base
 50299 | WizLab   | Paralysed by accursed screaming for 1 turns
 50812 | WizLab   | Found a transporter.
 51196 | WizLab   | Found a transporter.
 51618 | WizLab   | Learned a level 5 spell: Lee's Rapid Deconstruction
 51636 | WizLab   | Gained mutation: Your magical capacity is low. (-10% MP) [a
                  | cacodemon]
 52050 | WizLab   | Identified Lehudib's Guide on Excruciating Earth
 52145 | WizLab   | Got a twitching marble ring
 52146 | WizLab   | Identified the ring of Vileg {*Slow +Blink rElec Int-3
                  | Dex+6} (You found it in a wizard's laboratory)
 52982 | Vaults:1 | Reached XP level 20. HP: 134/159 MP: 31/33
 53242 | Lair:1   | Bought the -2 hat of the Alchemist {rElec rPois rF+ rC+ rN+
                  | MR+ rMut rCorr} for 1368 gold pieces
 53242 | Lair:1   | Found the -2 hat of the Alchemist {rElec rPois rF+ rC+ rN+
                  | MR+ rMut rCorr}
 53951 | Vaults:2 | Noticed Xtahua
 53997 | Vaults:1 | Killed Xtahua
 55137 | Vaults:2 | Found a staircase to the Crypt.
 57128 | Vaults:3 | Reached XP level 21. HP: 146/166 MP: 32/34
 58942 | Vaults:4 | Reached skill level 15 in Fighting
 58942 | Vaults:4 | Reached skill level 15 in Polearms
 58942 | Vaults:4 | Reached skill level 15 in Dodging
 59587 | Vaults:5 | Entered Level 5 of the Vaults
 59604 | Vaults:5 | HP: 10/252 [vault guard/+0 long sword (5)]
 59604 | Vaults:5 | HP: 3/252 [vault guard/+0 war axe (7)]
 59606 | Vaults:5 | Slain by a vault guard

Illustrated notes

Levels and vault maps discovered:
D:1:      psy_arrival_basics, layout_loops_ring
D:2:      layout_loops_corners, nicolae_overflow_crystal_walls, first_ration,
          small_statue_intersection, uniq_natasha
D:3:      layout_basic, grunt_temple_overflow_order_and_chaos_1,
          nicolae_ru_sacrificial_ziggurat, corexii_shack
D:4:      layout_loops_ring, minmay_temple_entry_enclosed_plants, serial_shops,
          nicolae_shop_crystal, bloody_trog, uniq_sigmund
D:5:      layout_loops_ring, okawaru_metal_pillars_1_2,
          lightli_ossuary_entry_decrepit_ruins, st_stairs_11, uniq_pikel
D:6:      layout_rooms, kiku_gazebo_garden_becter
D:7:      layout_loops_ring, kennysheep_mini, kennysheep_mini_moat,
          serial_shops, shop, grunt_ogre_cave
D:8:      layout_rooms
D:9:      layout_loops_ring, elyvilon_altar_5, lair_entry_dummy
D:10:     layout_roguey, serial_shops, shop_statue
D:11:     layout_roguey, enter_bailey_2, portal_ice_cave_entry_ice_beasts,
          ebering_ghost_rock_garden, nicolae_lava_and_water,
          corexii_corridor_pit
D:12:     layout_roguey, orc_0_dummy, ebering_ghost_reflecting_pool
D:13:     layout_loops_ring, uniq_sonja, uniq_rupert
D:14:     layout_loops_ring, grunt_vaults_entry_fortified,
          minmay_misc_feat_tower
D:15:     grunt_enter_depths_snipers, layout_rooms, hangedman_decor_peaks_small,
          serial_ice, serial_ice_h, serial_ice_e, serial_ice_d, serial_ice_l,
          serial_park_tiny_pond
Temple:   nicolae_temple_god_jail
Lair:1:   lemuel_ratsnest, layout_chaotic_city, serial_bayou_lake_a
Lair:2:   layout_misc_corridors, serial_bayou_shore_a
Lair:3:   layout_cave_pods, nicolae_spider_entry_non_spiders,
          gammafunk_ghost_necromancy, uniq_prince_ribbit2
Lair:4:   dpeg_oklob_shooting_range, layout_gridlike, minmay_swamp_entry_worms,
          grunt_forest_large_clearings, minmay_lair_oklob_chamber,
          uniq_josephine
Lair:5:   layout_loops_ring, grunt_forest_stairs_clearing,
          infiniplex_staircase_pool_2, serial_bayou_shore_b, grunt_megastairs_2,
          uniq_urug
Lair:6:   hangedman_lair_tendril_chambers, layout_regular_city, slime_altar_2,
          lemuel_fruit_tree
Swamp:1:  layout_basic_swamp, evilmike_swamp_ruin_house_3
Swamp:2:  layout_falls_marsh, serial_swamp_ruin, evilmike_swamp_ruin_house_4,
          hangedman_swamp_ruin_wall, evilmike_swamp_ruin_house_1,
          nicolae_swamp_alligator_family
Swamp:3:  layout_falls_marsh, hangedman_swamp_blocks
Swamp:4:  swamp_basic_johnstein, layout_basic_swamp, swamp_pool4
Spider:1: layout_chambers
Spider:2: layout_chambers, hangedman_spider_tarantella_strand
Spider:3: layout_spider_delve, uniq_arachne
Spider:4: spider_rune_water
Orc:1:    layout_diamond_mine, basic_altar, lightli_volcano_entry_magma_tube,
          gammafunk_ghost_abyssal_escape, mines2_david
Orc:2:    pf_orc_diabolical, layout_caves
Vaults:1: ontoclasm_vaults_eye, v_misc_23, dpeg_vaults_monster_box,
          hangedman_vaults_maws, nicolae_vaults_stairing_the_circle,
          vaults_room_corners, v_misc_16, v_misc_33,
          ontoclasm_vaults_ring_square, ontoclasm_vaults_tryst, v_misc_24,
          vaults_room_stairs_pillars, ontoclasm_vaults_gateway,
          layout_vaults_maze_snakey, mu_enter_wizlab_4, uniq_asterion,
          uniq_nikola
Vaults:2: nicolae_vaults_murderbox, hangedman_vaults_stagger, v_rooms_6,
          v_misc_3, grunt_vaults_hallway_long, ontoclasm_vaults_bender,
          v_misc_17, minmay_crypt_entry_simple_plaza, vaults_dpeg_ring,
          layout_vaults_omnigrid, uniq_xtahua
Vaults:3: nicolae_vaults_yaktaur_gun_rack, vaults_room_boxed,
          hangedman_vaults_river_flow, nicolae_vaults_network_barrier, v_misc_2,
          v_alt_pattern_2, vaults_room_stairs_pillars, st_check,
          hangedman_vaults_impose, layout_vaults_ring
Vaults:4: v_misc_15, nicolae_vaults_what_the_h, vaults_dpeg_hooks,
          hangedman_vaults_stream, vaults_room_stairs_pillars,
          nicolae_vaults_circle_grid_b, vaults_room_pools,
          hangedman_vaults_maws, dpeg_vaults_monster_row, v_misc_29, v_misc_30,
          nicolae_vaults_asterisk, nicolae_vaults_little_squares_5,
          nicolae_vaults_diagonal_hallway_9, layout_vaults_omnibox
Vaults:5

Skill      XL: |  1  2  3  4  5  6  7  8  9 10 11 12 13 14 15 16 17 18 19 20 21 |
---------------+----------------------------------------------------------------+-----
Invocations    | 1 2 3 4 5 6 7 8 9 10 11 12 13 14 | 14.9
Short Blades   | 1 2 3 4 5 6 7 8 9 10 11 12 13 | 13.9
Long Blades    | 1 2 3 4 5 6 7 8 9 10 11 12 13 | 13.9
Axes           | 1 2 3 4 5 6 7 8 9 10 11 12 13 | 13.9
Maces & Flails | 1 2 3 4 5 6 7 8 9 10 11 12 13 | 13.9
Staves         | 1 2 3 4 5 6 7 8 9 10 11 12 13 | 13.9
Slings         | 1 2 3 4 5 6 7 8 9 10 11 12 13 | 13.9
Bows           | 1 2 3 4 5 6 7 8 9 10 11 12 13 | 13.9
Crossbows      | 1 2 3 4 5 6 7 8 9 10 11 12 13 | 13.9
Throwing       | 1 2 3 4 5 6 7 8 9 10 11 12 13 | 13.9
Armour         | 1 2 3 4 5 6 7 8 9 10 11 12 13 | 13.9
Shields        | 1 2 3 4 5 6 7 8 9 10 11 12 13 | 13.9
Unarmed Combat | 1 2 3 4 5 6 7 8 9 10 11 12 13 | 13.9
Spellcasting   | 1 2 3 4 5 6 7 8 9 10 11 12 13 | 13.9
Evocations     | 1 2 3 4 5 6 7 8 9 10 11 12 13 | 13.9
Conjurations   | 1 2 3 4 5 6 7 8 9 10 11 | 11.9
Hexes          | 1 2 3 4 5 6 7 8 9 10 11 | 11.9
Charms         | 1 2 3 4 5 6 7 8 9 10 11 | 11.9
Summonings     | 1 2 3 4 5 6 7 8 9 10 11 | 11.9
Necromancy     | 1 2 3 4 5 6 7 8 9 10 11 | 11.9
Translocations | 1 2 3 4 5 6 7 8 9 10 11 | 11.9
Transmutations | 1 2 3 4 5 6 7 8 9 10 11 | 11.9
Fire Magic     | 1 2 3 4 5 6 7 8 9 10 11 | 11.9
Ice Magic      | 1 2 3 4 5 6 7 8 9 10 11 | 11.9
Air Magic      | 1 2 3 4 5 6 7 8 9 10 11 | 11.9
Earth Magic    | 1 2 3 4 5 6 7 8 9 10 11 | 11.9
Poison Magic   | 1 2 3 4 5 6 7 8 9 10 11 | 11.9
Fighting       | 7 8 9 10 11 12 13 14 15 | 15.0
Polearms       | 7 8 9 10 11 12 13 14 15 | 15.0
Dodging        | 7 8 9 10 11 12 13 14 15 | 15.0
Stealth        | 5 6 7 8 9 10 11 12 13 14 | 14.4

Action                   |  1- 3 |  4- 6 |  7- 9 | 10-12 | 13-15 | 16-18 | 19-21 || total
-------------------------+-------+-------+-------+-------+-------+-------+-------++-------
Melee: Spear             |   104 |    40 |       |       |       |       |       ||   144
       Bite              |     6 |    19 |    67 |   200 |   400 |   390 |   336 ||  1418
       Flail             |       |   106 |   441 |   349 |       |       |       ||   896
       Punch             |       |     2 |     2 |       |       |       |       ||     4
       War axe           |       |       |    69 |       |       |       |       ||    69
       Long sword        |       |       |    18 |   528 |   195 |       |       ||   741
       Trident           |       |       |       |   157 |       |       |       ||   157
       Scimitar          |       |       |       |   278 |  2143 |  2114 |  1581 ||  6116
       Short sword       |       |       |       |    32 |    12 |       |       ||    44
Throw: Javelin           |       |       |     2 |     4 |    44 |    82 |    31 ||   163
       Throwing net      |       |       |     1 |     1 |       |       |     1 ||     3
       Dart              |       |       |       |     3 |    11 |    16 |     7 ||    37
       Boomerang         |       |       |       |       |    22 |    13 |    55 ||    90
 Cast: Lee's Rapid Decon |       |       |       |       |       |       |     4 ||     4
       Portal Projectile |       |       |       |       |       |       |     2 ||     2
       Song of Slaying   |       |       |       |       |       |       |     1 ||     1
       Silence           |       |       |       |       |       |       |     1 ||     1
Invok: Potion Petition   |       |       |     1 |       |     1 |       |       ||     2
       Call Merchant     |       |       |     1 |     1 |     3 |     3 |       ||     8
 Abil: Evoke Invisibilit |       |       |       |     1 |     1 |       |       ||     2
Evoke: Wand              |       |       |     7 |     7 |     6 |     1 |     6 ||    27
       Phial of floods   |       |       |       |     1 |     2 |     1 |     3 ||     7
       Box of beasts     |       |       |       |       |     3 |       |     1 ||     4
       Lightning rod     |       |       |       |       |       |     2 |    31 ||    33
  Use: Scroll            |       |       |    11 |    21 |    22 |    18 |     6 ||    78
       Potion            |       |       |       |     7 |     8 |       |     3 ||    18
 Stab: Sleeping          |    13 |    17 |     9 |     5 |    11 |     6 |    26 ||    87
       Distracted        |       |       |     3 |     8 |    28 |    23 |    12 ||    74
       Held in net/web   |       |       |     1 |       |       |       |     2 ||     3
       Invisible         |       |       |       |     4 |     3 |       |     2 ||     9
  Eat: Chunk             |     1 |     7 |     4 |       |       |       |       ||    12
       Ration            |       |       |     5 |     9 |    18 |    15 |     9 ||    56
Armor: Robe              |     3 |    16 |    19 |       |       |       |       ||    38
       Scale mail        |       |       |    82 |       |       |       |       ||    82
       Chain mail        |       |       |    24 |   619 |  1037 |  1028 |    79 ||  2787
       Troll leather arm |       |       |       |       |       |       |   129 ||   129
Dodge: Dodged            |    38 |    99 |   369 |   580 |  1184 |  1357 |   662 ||  4289
       Repelled          |       |       |       |    17 |    29 |    17 |    34 ||    97
Block: Buckler           |       |       |    24 |   562 |  1063 |   980 |   733 ||  3362
       Reflection        |       |       |       |       |       |       |    51 ||    51
       Rpst.: Long sword |       |       |     4 |    60 |    39 |       |       ||   103
       Scimitar          |       |       |       |    32 |   276 |   271 |   144 ||   723
